AoeStats
← Abacaxi de Marataízes ^_~

Arena

504559113Analyzed
1v1 RM · 27d ago on Sep 5, 2026· 54m 35s· 2 players
Game mode
Random Map
Map size
Tiny (2 player)
Population
200
Speed
Normal
Resources
Standard
Victory
Conquest
Starting age
Dark Age
Ending age
Imperial Age
RankedLock teamsTeams togetherTeam positionsShared explorationLock speedFull tech treeHidden civsTurbo modeCheats
Victory
Defeat
🇨🇳 Poles · China
849
+14
🇧🇷 Inca · Brazil
810
-14
palmcivet
8:57 Loom
11:23 Feudal Age
15:22 Castle Age
13:42 Double-Bit Axe
14:50 Gold Mining
17:18 Bow Saw
18:47 Horse Collar
21:45 Fletching
25:29 Heavy Plow
26:09 Wheelbarrow
29:44 Imperial Age
27:57 Scale Barding Armor
28:08 Bloodlines
27:19 Light Cavalry
29:07 Chain Barding Armor
29:57 Hand Cart
29:30 Town Watch
29:45 Bodkin Arrow
29:39 Arson
30:38 Bracer
31:17 Stone Mining
31:01 Winged Hussar
31:42 Husbandry
32:00 Forging
32:15 Conscription
33:11 Scale Mail Armor
34:38 Lechitic Legacy
34:39 Chain Mail Armor
34:48 Ballistics
34:32 Town Patrol
35:34 Iron Casting
35:02 Squires
36:21 Plate Mail Armor
35:14 Elite Skirmisher
35:59 Elite Obuch
38:13 Blast Furnace
37:14 Padded Archer Armor
38:54 Leather Archer Armor
38:22 Treadmill Crane
41:08 Chemistry
40:52 Stone Shaft Mining
41:17 Crop Rotation
48:25 Hoardings
48:18 Bombard Tower
48:15 Sappers
49:04 Thumb Ring
49:16 Masonry
48:52 Arrowslits
50:41 Siege Engineers
Abacaxi de Marataízes ^_~
9:47 Feudal Age
10:16 Horse Collar
10:22 Double-Bit Axe
18:22 Castle Age
18:05 Gold Mining
21:03 Bow Saw
21:54 Fletching
22:13 Scale Mail Armor
22:26 Forging
23:37 Scale Mail Armor
26:24 Pikeman
27:06 Squires
28:03 Chain Mail Armor
28:24 Iron Casting
29:16 Heavy Plow
29:54 Gold Shaft Mining
29:58 Redemption
30:12 Fortified Wall
30:25 Fletching
34:23 Wheelbarrow
37:15 Imperial Age
35:46 Sanctity
37:41 Halberdier
39:36 Crop Rotation
39:00 Stone Mining
39:42 Plate Mail Armor
40:13 Blast Furnace
38:48 Crossbowman
39:36 Thumb Ring
39:02 Crossbowman
39:08 Capped Ram
40:29 Siege Engineers
41:25 Chemistry
40:37 Masonry
40:52 Ballistics
41:28 Wheelbarrow
40:41 Town Watch
41:28 Arson
42:36 Stone Shaft Mining
42:05 Town Patrol
41:42 Champi Runner
42:05 Arbalester
43:39 Bodkin Arrow
44:26 Arson
44:35 Treadmill Crane
44:54 Murder Holes
45:32 Hand Cart
45:04 Loom
45:21 Bracer
45:22 Padded Archer Armor
47:45 Leather Archer Armor
48:24 Andean Sling
48:46 Conscription
48:12 Champi Warrior
48:26 Heavy Scorpion
50:13 Ring Archer Armor
53:06 Elite Kamayuk
Connection lost

Rejoining the realm…

Still unreachable

The connection could not be restored.

Session expired

The server has moved on; the page needs a fresh start.